 Dungeon Crawl Stone Soup version 0.32-a0-938-g40ac7a0f4d (webtiles) character file.

Game seed: 11455324347026051165

655 smashvw the Chopper (level 7, 0/88 HPs)
             Began as a Minotaur Berserker on Apr 15, 2024.
             Was an Elder of Trog.
             Splashed by a jelly's acid (1 damage)
             ... on level 4 of the Dungeon.
             The game lasted 00:09:04 (3795 turns).

smashvw the Chopper (Minotaur Berserker)            Turns: 3795, Time: 00:09:04

Health: 0/88       AC: -8    Str: 23    XL:     7   Next: 29%
Magic:  6/6        EV:  8    Int:  4    God:    Trog [****..]
Gold:   254        SH:  0    Dex: 10    Spells: 6/6 levels left

rFire   . . .        a - +0 hand axe
rCold   . . .        (no shield)
rNeg    . . .        h - +0 chain mail
rPois   .            (helmet restricted)
rElec   .            (no cloak)
rCorr   .            w - +2 pair of gloves
SInv    .            k - +0 pair of boots
Will    .....        (no amulet) Stlth
                     (no ring)
HPRegen 0.34/turn    (no ring)
MPRegen 0.10/turn

%: no passive effects
@: berserking, corroded, very quick
A: horns 2, retaliatory headbutt
a: Renounce Religion, Berserk, Trog's Hand, Brothers in Arms


You were on level 4 of the Dungeon.
You worshipped Trog.
Trog was greatly pleased with you.
You visited 1 branch of the dungeon, and saw 4 of its levels.
You also visited: Sewer.

You collected 254 gold pieces.

Inventory:

Hand Weapons
 a - a +0 hand axe (weapon)
Missiles
 y - a throwing net (quivered)
Armour
 h - a +0 chain mail (worn)
 k - a +0 pair of boots (worn)
 w - a +2 pair of gloves (worn)
Jewellery
 l - a ring of willpower
 s - a ring of willpower
 z - a ring of fire
Wands
 b - a wand of flame (25)
 u - a wand of polymorph (2)
 v - a wand of paralysis (6)
Scrolls
 c - a scroll of revelation {unknown}
 f - 2 scrolls of amnesia {unknown}
 g - 2 scrolls of poison {unknown}
 i - a scroll of brand weapon {unknown}
 j - 2 scrolls of fear {unknown}
 m - 4 scrolls of identify {unknown}
 o - 5 scrolls of teleportation
 q - a scroll of blinking {unknown}
 r - a scroll of fog {unknown}
Potions
 d - a potion of might {unknown}
 e - 4 potions of enlightenment
 n - a potion of berserk rage {unknown}
 p - a potion of haste {unknown}
 t - 2 potions of curing {unknown}
 x - a potion of lignification {unknown}


   Skills:
 - Level 4.0 Fighting
 + Level 7.6 Axes
 + Level 7.0 Armour
 - Level 2.1 Dodging


You had 6 spell levels left.
You didn't know any spells.
Your spell library was empty.

Dungeon Overview and Level Annotations

Branches:
Dungeon (4/15)             Temple (0/1) D:4           Sewer (visited)

Altars:

Annotations:
D:3 1 runed translucent door, Crazy Yiuf


Innate Abilities, Weirdness & Mutations

You have a pair of horns on your head.
You reflexively headbutt those who attack you in melee.


Message History

You hit the jelly but do no damage. The acid corrodes you!
Your hands burn!
You headbutt the jelly.
The jelly is lightly wounded.
The jelly hits you but does no damage.
You hit the jelly but do no damage. The acid corrodes you!
Your hands burn!
The jelly is lightly wounded.
The jelly hits you but does no damage.
You hit the jelly but do no damage.
Your hands burn!
The jelly is lightly wounded.
The jelly barely misses you.
You hit the jelly but do no damage.
Your hands burn!
You headbutt the jelly.
The jelly is moderately wounded.
The jelly hits you. The acid corrodes you!
You are splashed with acid!
You are too injured to fight recklessly!
You are too injured to fight recklessly!
You are too injured to fight recklessly!
A red film seems to cover your vision as you go berserk!
You feel yourself moving faster!
You feel mighty! The quokka bites you. The jelly hits you.
You are splashed with acid!
* * * LOW HITPOINT WARNING * * *
You slash the jelly! The acid corrodes you!
Your hands burn!
* * * LOW HITPOINT WARNING * * *
The jelly is severely wounded.
You hit the quokka but do no damage. The quokka bites you.
* * * LOW HITPOINT WARNING * * *
You hit the jelly but do no damage. The acid corrodes you!
Your hands burn!
* * * LOW HITPOINT WARNING * * *
The jelly is severely wounded.
You hit the quokka but do no damage. The jelly barely misses you.
You hit the jelly but do no damage.
Your hands burn!
* * * LOW HITPOINT WARNING * * *
The jelly is severely wounded.
You hit the quokka but do no damage. The quokka bites you.
* * * LOW HITPOINT WARNING * * *
The jelly hits you.
* * * LOW HITPOINT WARNING * * *
The acid corrodes you!
You are splashed with acid!
* * * LOW HITPOINT WARNING * * *
You hit the jelly but do no damage.
Your hands burn!
You die...

#.#.....#
#..
#.#...(##
### #.#....#
#.###### #.#
##.## ###
###...##....
#...........
#...@.......
#...Jr..#...
#<......# ..
#......... .
..........##
#####......#
#......#
#......#


You could see a jelly and a quokka.

Vanquished Creatures
  2 crocodiles (Sewer)
  A scorpion (D:4)
  Jessica (D:3)
  An iguana (D:4)
  Natasha (thrice) (D:3)
  A sickly merfolk siren (Sewer)
  A malarious merfolk avatar (Sewer)
  6 gnolls (D:3)
  4 adders
  3 river rats (Sewer)
  2 ufetubi (D:4)
  3 dart slugs
  3 ribbon worms
  2 orcs (D:3)
  8 bats
  6 endoplasms
  9 giant cockroaches
  5 goblins
  13 hobgoblins
  A jackal (D:1)
  5 kobolds
  6 quokkas
  9 ball pythons
  6 frilled lizards
  30 rats
131 creatures vanquished.

Notes
Turn   | Place    | Note
-------+----------+-------------------------------------------
     0 | D:1      | smashvw the Minotaur Berserker began the quest for the Orb.
     0 | D:1      | Reached XP level 1. HP: 19/19 MP: 0/0
   278 | D:1      | Reached XP level 2. HP: 27/27 MP: 1/1
   667 | D:1      | Reached XP level 3. HP: 33/33 MP: 2/2
   954 | D:2      | Reached ** piety under Trog
  1669 | D:3      | Reached XP level 4. HP: 40/40 MP: 3/3
  1759 | D:3      | Noticed Natasha
  1767 | D:3      | Killed Natasha
  1768 | D:3      | Reached skill level 5 in Axes
  1874 | D:3      | Noticed Natasha
  1882 | D:3      | Killed Natasha
  1966 | D:3      | Noticed Jessica
  1969 | D:3      | Killed Jessica
  1970 | D:3      | Reached XP level 5. HP: 41/46 MP: 4/4
  2036 | D:3      | Found a glowing drain.
  2057 | Sewer    | Entered a sewer
  2140 | Sewer    | Noticed a crocodile
  2153 | Sewer    | Killed a crocodile
  2153 | Sewer    | Reached *** piety under Trog
  2154 | Sewer    | Reached skill level 5 in Armour
  2162 | Sewer    | Reached XP level 6. HP: 33/52 MP: 5/5
  2829 | D:3      | Found a runed translucent door.
  2830 | D:3      | Noticed Crazy Yiuf
  2947 | D:3      | Reached **** piety under Trog
  2994 | D:3      | Noticed Natasha
  2999 | D:3      | Killed Natasha
  3000 | D:3      | Reached XP level 7. HP: 55/59 MP: 6/6
  3685 | D:4      | Found a staircase to the Ecumenical Temple.
  3794 | D:4      | HP: 1/88 [acid (8)]
  3795 | D:4      | Splashed by a jelly's acid

Illustrated notes

Levels and vault maps discovered:
D:1:      enne_arrival_octagon_isle, layout_loops_ring,
          minmay_misc_feat_diagonals, minmay_close_crescents
D:2:      layout_loops_corners
D:3:      layout_loops_ring, cheibrodos_sewer_entry_bend,
          nicolae_figureground_sparkle, uniq_natasha, uniq_crazy_yiuf_cottage,
          uniq_jessica
D:4:      layout_basic, minmay_temple_entry_butterflies,
          minmay_misc_feat_hallway, nicolae_underground_beach

Skill      XL: |  1  2  3  4  5  6  7 |
---------------+----------------------+-----
Fighting       | 4 |  4.0
Axes           | 4 5 6 7 |  7.6
Armour         | 3 4 5 6 7 |  7.0
Dodging        | |  2.1

Action                     |  1- 3 |  4- 6 |  7- 9 || total
---------------------------+-------+-------+-------++-------
  Melee: Hand axe          |   103 |   153 |    48 ||   304
         Headbutt          |    19 |    23 |    11 ||    53
 Invoke: Berserk           |       |     3 |     1 ||     4
 Armour: Animal skin       |    21 |       |       ||    21
         Chain mail        |    45 |    94 |    35 ||   174
  Dodge: Dodged            |    54 |    64 |    24 ||   142

Table legend: (Time is in decaauts)
 A = Elapsed time spent in this place.
 B = Non-inter-level travel time spent in this place.
 C = Inter-level travel time spent in this place.
 D = Time resting spent in this place.
 E = Time spent auto-exploring this place.
 F = Levels seen in this place.
 G = Mean time per level.
                   A        B        C        D        E       F      G
               +--------+--------+--------+--------+--------+-----+--------+
         Total |   3873 |   3796 |     77 |     30 |   2980 |   5 |  774.6 |
       Dungeon |   3256 |   3179 |     77 |     30 |   2560 |   4 |  814.0 |
         Sewer |    616 |    616 |      0 |      0 |    420 |   1 |  616.0 |
               +--------+--------+--------+--------+--------+-----+--------+

Top non-repeatable levels by time:
     D:3: 1157 daAuts
     D:2: 857 daAuts
     D:1: 805 daAuts
   Sewer: 616 daAuts
     D:4: 437 daAuts
